 Dungeon Crawl Stone Soup version 0.20.1-1-g8b1a95d (webtiles) character file.

42 stormannn the Poker (level 3, -1/33 HPs)
             Began as a Minotaur Chaos Knight on Dec 9, 2017.
             Slain by a chaos spawn (9 damage)
             ... summoned by the capriciousness of Xom
             ... on level 2 of the Dungeon.
             The game lasted 00:01:56 (907 turns).

stormannn the Poker (Minotaur Chaos Knight)          Turns: 907, Time: 00:01:57

Health: -1/33      AC:  5    Str: 17    XL:     3   Next: 35%
Magic:  2/2        EV: 11    Int:  9    God:    Xom [.*....]
Gold:   33         SH:  0    Dex:  9    Spells: 2/2 levels left

rFire    . . .     SeeInvis .   a - +0 spear (chaos)
rCold    . . .     Gourm    .   (no shield)
rNeg     . . .     Faith    .   b - +2 leather armour
rPois    .         Spirit   .   (helmet restricted)
rElec    .         Reflect  .   (no cloak)
rCorr    .         Harm     .   (no gloves)
MR       .....                  (no boots)
Stlth    +.........             (no amulet)
Regen    0.2/turn               (no ring)
MPRegen  0.1/turn               (no ring)

@: drained
A: retaliatory headbutt, horns 2
a: Renounce Religion


You were on level 2 of the Dungeon.
You worshipped Xom.
You were a plaything of Xom.
You were not hungry.

You visited 1 branch of the dungeon, and saw 2 of its levels.

You collected 33 gold pieces.

Inventory:

Hand Weapons
 a - a +0 spear of chaos (weapon)
 n - a +2 dagger of draining
Armour
 b - a +2 leather armour (worn)
Scrolls
 e - a scroll of recharging {unknown}
 i - 3 scrolls of remove curse {unknown}
 k - 2 scrolls of identify {unknown}
Potions
 f - a potion of curing {unknown}
 g - a potion of heal wounds {unknown}
 h - a potion of lignification {unknown}
 l - a potion of brilliance {unknown}
Comestibles
 c - 3 bread rations
 d - 2 royal jellies
 j - a meat ration
 m - 3 chunks of flesh


   Skills:
 + Level 4.2(4.0) Fighting
 * Level 4.4(4.2) Polearms
 + Level 2.5(2.3) Armour
 + Level 1.9(1.7) Dodging


You had 2 spell levels left.
You didn't know any spells.

Dungeon Overview and Level Annotations

Branches:
Dungeon (2/15)

Altars:


Innate Abilities, Weirdness & Mutations

You reflexively headbutt those who attack you in melee.
You have a pair of horns on your head.


Message History

Your +2 leather armour melds into your body.
You see here a worm corpse.
You touch the kobold.
You kill the kobold!
Your transformation is almost over.
Things that are here:
a dagger of draining; a kobold corpse
n - a dagger of draining You blink.
You start resting.
Your transformation has ended.
Your +0 spear of chaos unmelds from your body.
Your +2 leather armour unmelds from your body.
Your +0 spear of chaos is briefly surrounded by a scintillating aura of random colours.
You start resting.
A chaos spawn is nearby!
The chaos spawn hits you.
* * * LOW HITPOINT WARNING * * *
You are engulfed in flames!
You die...

#.# #...#..# #.##†.# #.#
#.....####.##..# #.#
####.......4†..# #.#
####..####†##.## #.# #.....#
#.##.### #.# #.##.## #.##...#
########.####.##.# #.#4.##.#
................4#####..÷..#.##.#
########........@................
#####..####.######........
#........# #######.# ##.####..# #
#.####..# #.......#######
#######........ #########


You could see a chaos spawn.

Vanquished Creatures
  An adder (D:2)
  A worm (D:2)
  A dart slug (D:1)
  2 leopard geckos
  4 bats
  A giant cockroach (D:1)
  2 hobgoblins (D:1)
  2 kobolds
  A quokka (D:2)
  3 frilled lizards
  A goblin (D:2)
  2 rats (D:2)
21 creatures vanquished.

Vanquished Creatures (others)
  An adder (D:2)
1 creature vanquished.

Grand Total: 22 creatures vanquished

Notes
Turn   | Place    | Note
-------+----------+-------------------------------------------
     0 | D:1      | stormannn the Minotaur Chaos Knight began the quest for the Orb.
     0 | D:1      | Reached XP level 1. HP: 19/19 MP: 0/0
   234 | D:1      | Reached XP level 2. HP: 27/27 MP: 1/1
   449 | D:1      | XOM: harmless Tmut miscast
   697 | D:2      | XOM: harmless Ice miscast
   742 | D:2      | Reached XP level 3. HP: 22/33 MP: 2/2
   786 | D:2      | XOM: noise
   863 | D:2      | XOM: medium Summ miscast
   864 | D:2      | Noticed a chaos spawn
   907 | D:2      | Slain by a chaos spawn

Skill      XL: |  1  2 |
---------------+-------+-----
Polearms       | 4 |  4.4
Fighting       | 4 |  4.2
Armour         | |  2.5
Dodging        | |  1.9

Action                   || total
-------------------------++-------
Melee: Spear             ||    60
       Headbutt          ||     7
       Unarmed           ||     1
Armor: Leather armour    ||    18
Dodge: Dodged            ||    29
